 Dungeon Crawl Stone Soup version 0.17.0-57-g0e89251 (webtiles) character file.

298 JokEr the Grappler (level 6, -1/51 HPs)
             Began as a Ghoul Monk on Dec 7, 2015.
             Shot with an arrow by a centaur (6 damage)
             ... on level 4 of the Dungeon.
             The game lasted 00:09:08 (3693 turns).

JokEr the Grappler (Ghoul Monk)                     Turns: 3693, Time: 00:09:08

Health: -1/51      AC:  8    Str: 17    XL:     6   Next: 35%
Magic:  5/5        EV:  7    Int:  5    God:
Gold:   154        SH:  0    Dex: 11    Spells: 0 memorised, 5 levels left

rFire  . . .     SeeInvis .       - Unarmed
rCold  + . .     Clarity  .     h - +0 chain mail
rNeg   + + +     SustAt   .     (no shield)
rPois  ∞         Gourm    .     (no helmet)
rElec  .         Spirit   .     (no cloak)
rCorr  .         Warding  .     (no gloves)
rMut   .         Stasis   +     (no boots)
MR     .....                    m - amulet of stasis
Stlth  ..........               (no ring)
                                (no ring)

@: rotting, not resistant to hostile enchantments, extremely unstealthy
A: rotting body, claws 1, carnivore 3, cold resistance 1, negative energy
resistance 3, slow regeneration 1, torment resistance, unbreathing
a: no special abilities


You were on level 4 of the Dungeon.
You were not hungry.

You visited 1 branch of the dungeon, and saw 4 of its levels.

You collected 154 gold pieces.

Inventory:

Armour
 a - a +0 robe
 h - a +0 chain mail (worn)
Jewellery
 e - a cursed ring of loudness
 m - an amulet of stasis (around neck)
Wands
 o - a wand of magic darts (25)
 q - a wand of digging (16)
 r - a wand of confusion (28)
Scrolls
 d - a scroll of immolation
 f - a scroll of fog {unknown}
 j - a scroll of teleportation
 k - a scroll of amnesia
Potions
 c - a potion of flight
 g - a potion of invisibility
 i - a potion of might {unknown}
 n - a potion of heal wounds
 p - a potion of beneficial mutation {unknown}
Comestibles
 b - 2 meat rations
 l - a slice of pizza


   Skills:
 - Level 3.2 Fighting
 - Level 2.6 Dodging
 - Level 2.1 Stealth
 + Level 8.2 Unarmed Combat


You had 5 spell levels left.
You didn't know any spells.

Dungeon Overview and Level Annotations

Branches:
Dungeon (4/15)
 Temple: D:4-7

Altars:
Cheibriados
Fedhas
Kikubaaqudgha
Okawaru
Ru
Vehumet
The Shining One


Innate Abilities, Weirdness & Mutations

Your body is rotting away.
You thrive on raw meat.
You are immune to poison.
You have sharp fingernails.
You are carnivorous and can eat meat at any time.
Your flesh is cold resistant.
You are immune to negative energy.
You regenerate slowly when monsters are visible.
You are immune to unholy pain and torment.
You can survive without breathing.


Message History

No target in view!
The centaur wields a shortbow.
The centaur shoots an arrow.
The arrow hits you!
Found a chain mail.
You see here an arrow.
Failed to move towards target.
Failed to move towards target.
A centaur is nearby!
Failed to move towards target.
An ogre comes into view. It is wielding a giant spiked club.
The ogre shouts!
The centaur shoots an arrow.
The arrow hits you!
Found 12 gold pieces.
The centaur shoots an arrow.
The arrow completely misses you.
You see here an arrow.
The centaur shoots an arrow.
The arrow hits you!
The centaur shoots an arrow.
The arrow hits you!
* * * LOW HITPOINT WARNING * * *
You see here 2 arrows.
The centaur shoots an arrow.
The arrow hits you.
You die... ... ### ##.O .. . .###... .PPP

#...
$[...#.P.P.P.....#
#.....PPcPP.....#
#..PPPP.....#.
##.(PP........
##(..........
#@..........
##..#......#
####..........#
#....##.......#
#######...#####
###.# #.### #...##
###..#


You could see an ogre and a centaur.

Vanquished Creatures
  A hound (D:4)
  2 orc priests (D:3)
  An orc wizard (D:3)
  10 adders
  An ooze (D:1)
  2 worms (D:2)
  6 giant geckos
  3 orcs (D:3)
  2 ball pythons (D:3)
  5 giant cockroaches
  10 goblins
  4 hobgoblins
  8 jackals
  A quokka (D:3)
  13 bats
  3 giant newts
  6 kobolds
  7 rats
85 creatures vanquished.

Notes
Turn   | Place    | Note
--------------------------------------------------------------
     0 | D:1      | JokEr the Ghoul Monk began the quest for the Orb.
     0 | D:1      | Reached XP level 1. HP: 19/19 MP: 0/0
   325 | D:1      | Reached XP level 2. HP: 26/26 MP: 1/1
   336 | D:1      | Reached skill level 5 in Unarmed Combat
   858 | D:1      | Reached XP level 3. HP: 27/31 MP: 2/2
  1785 | D:2      | Found a radiant altar of Vehumet.
  1831 | D:2      | Found a sacrificial altar of Ru.
  1834 | D:2      | Found an ancient bone altar of Kikubaaqudgha.
  1893 | D:2      | Reached skill level 6 in Unarmed Combat
  1893 | D:2      | Reached XP level 4. HP: 38/38 MP: 3/3
  2228 | D:2      | Found a glowing golden altar of the Shining One.
  2681 | D:3      | Found a snail-covered altar of Cheibriados.
  2728 | D:3      | Reached skill level 7 in Unarmed Combat
  2728 | D:3      | Reached XP level 5. HP: 40/43 MP: 4/4
  3181 | D:3      | Reached XP level 6. HP: 51/51 MP: 5/5
  3287 | D:3      | Found an iron altar of Okawaru.
  3652 | D:4      | Reached skill level 8 in Unarmed Combat
  3678 | D:4      | Found a blossoming altar of Fedhas.
  3693 | D:4      | Shot with an arrow by a centaur

Action                   |  1- 3 |  4- 6 || total
-------------------------+-------+-------++-------
Melee: Unarmed           |   114 |   181 ||   295
  Use: Scroll            |     5 |     6 ||    11
  Eat: Chunk             |     7 |    19 ||    26
